 Dungeon Crawl Stone Soup version 0.19-a0-1682-g5114f93 (webtiles) character file.

339 DevlanMud the Ruffian (level 6, -2/59 HPs)
             Began as a Troll Monk on Sept 25, 2016.
             Slain by a sky beast (5 damage)
             ... on level 4 of the Dungeon.
             The game lasted 00:07:21 (2755 turns).

DevlanMud the Ruffian (Troll Monk)                  Turns: 2755, Time: 00:07:21

Health: -2/59      AC:  6    Str: 20    XL:     6   Next: 29%
Magic:  6/6        EV: 11    Int:  6    God:
Gold:   164        SH:  0    Dex: 14    Spells: 0 memorised, 5 levels left

rFire  . . .     SeeInvis .       - Unarmed
rCold  + . .     Gourm    +     a - +0 robe
rNeg   . . .     Faith    .     (no shield)
rPois  .         Spirit   .     (helmet restricted)
rElec  .         Dismiss  .     (no cloak)
rCorr  .         Reflect  .     (gloves unavailable)
MR     .....     Harm     .     (boots unavailable)
Stlth  ++........               c - amulet of rage
                                (no ring)
                                e - ring of protection from cold

@: invisible
A: unfitting armour, claws 3, fast metabolism 3, gourmand, regeneration 1,
shaggy fur 1, tough skin 2
a: Evoke Berserk Rage


You were on level 4 of the Dungeon.
You were completely stuffed.

You visited 1 branch of the dungeon, and saw 4 of its levels.

You collected 164 gold pieces.

Inventory:

Armour
 a - a +0 robe (worn)
Jewellery
 c - an amulet of rage (around neck)
 e - a ring of protection from cold (left claw)
 p - an uncursed ring of protection from cold
Wands
 j - a wand of lightning (12/15)
Scrolls
 g - 2 scrolls of remove curse
 h - a scroll of teleportation
 o - 3 scrolls of identify
Potions
 i - a potion of haste
Books
 m - a book of Enchantments

   Spells                             Type                      Level
   a - Cause Fear                     Hexes                        4
   b - Yara's Violent Unravelling     Hexes/Transmutation          5
   c - Silence                        Hexes/Air                    5
   d - Deflect Missiles               Charms/Air                   6
   e - Haste                          Charms                       6
   f - Discord                        Hexes                        8
Comestibles
 b - 4 bread rations
 d - 2 slices of pizza
 f - a meat ration
 k - a chunk of flesh
 l - a beef jerky


   Skills:
 + Level 2.7 Fighting
 + Level 3.0 Dodging
 + Level 1.3 Stealth
 * Level 6.0 Unarmed Combat
 * Level 1.4 Evocations


You had 5 spell levels left.
You didn't know any spells.

Dungeon Overview and Level Annotations

Branches:
Dungeon (4/15)
 Temple: D:4-7

Altars:
Nemelex Xobeh
Yredelemnul


Innate Abilities, Weirdness & Mutations

You are too large for most types of armour.
You have claws for hands.
Your metabolism is lightning-fast.
You like to eat raw meat.
Your natural rate of healing is unusually fast.
You are covered in fur. (AC +1)
You have very tough skin. (AC +2)


Message History

You claw something! You scratch something.
Something hits you but does no damage.
You barely miss something. Something hits you but does no damage.
You miss something. Something hits you. Something shocks you.
You miss something. Something hits you. Something shocks you.
You closely miss something. Something hits you but does no damage.
You barely miss something. Something hits you.
* * * LOW HITPOINT WARNING * * *
Something shocks you.
* * * LOW HITPOINT WARNING * * *
You miss something. Something hits you.
* * * LOW HITPOINT WARNING * * *
Something shocks you.
* * * LOW HITPOINT WARNING * * *
You barely miss something. Something barely misses you.
You fade into invisibility!
Something hits you.
* * * LOW HITPOINT WARNING * * *
Something shocks you.
You die...

# ..# # #####...#
# ######..$..#
#### ##...#)@{##
.... ##.>.......##
.#
#.####........(..#
.#
#................#
.#
##.#..(........#
.# ##)........##
.##. ##.......##
>...# ####.####
...## #.#


There were no monsters in sight!

Vanquished Creatures
  An ogre (D:4)
  A scorpion (D:4)
  A crimson imp (D:3)
  A centaur zombie (D:3)
  Ijyb (D:2)
  A worker ant (D:4)
  A hound zombie (D:3)
  A gnoll (D:1)
  2 adders (D:3)
  A worm (D:3)
  2 leopard geckos (D:2)
  3 ball pythons
  3 giant cockroaches
  6 goblins
  9 hobgoblins
  2 jackals (D:3)
  6 kobolds
  6 bats
  3 frilled lizards
  6 rats
57 creatures vanquished.

Notes
Turn   | Place    | Note
-------+----------+-------------------------------------------
     0 | D:1      | DevlanMud the Troll Monk began the quest for the Orb.
     0 | D:1      | Reached XP level 1. HP: 22/22 MP: 0/0
   243 | D:1      | Reached XP level 2. HP: 29/29 MP: 1/1
   765 | D:1      | Reached XP level 3. HP: 18/36 MP: 2/2
  1309 | D:2      | Noticed Ijyb
  1322 | D:2      | Killed Ijyb
  1322 | D:2      | Reached skill level 4 in Unarmed Combat
  1339 | D:2      | Found a sparkling altar of Nemelex Xobeh.
  1606 | D:2      | Reached XP level 4. HP: 44/44 MP: 3/3
  1614 | D:2      | Found a basalt altar of Yredelemnul.
  2109 | D:3      | Reached skill level 1 in Evocations
  2109 | D:3      | Reached XP level 5. HP: 49/50 MP: 4/4
  2296 | D:3      | Reached skill level 5 in Unarmed Combat
  2532 | D:4      | Got a polished spear
  2539 | D:4      | Identified the +10 spear "Nuos" {pierce, Int+6} (You found it on level 4 of the Dungeon)
  2726 | D:4      | Noticed an ogre
  2731 | D:4      | Killed an ogre
  2731 | D:4      | Reached skill level 6 in Unarmed Combat
  2731 | D:4      | Reached XP level 6. HP: 45/59 MP: 6/6
  2737 | D:4      | Noticed a sky beast
  2755 | D:4      | Slain by a sky beast

Vault maps used:
D:1:      nagdon_arrival_zigzag_paths
D:2:      nemelex_xobeh_ov_fountains_minmay, first_bread,
          yredelemnul_altar_generic, uniq_iyjb
D:4:      portal_sewer_entry_e, serial_shops, kennysheep_mini

Skill      XL: |  1  2  3  4  5 |
---------------+----------------+-----
Unarmed Combat | 4 6 |  6.0
Evocations     | 1 |  1.4
Dodging        | 3 |  3.0
Fighting       | |  2.7
Stealth        | |  1.3

Action                   |  1- 3 |  4- 6 || total
-------------------------+-------+-------++-------
Melee: Unarmed           |    92 |    83 ||   175
       Punch             |     2 |     3 ||     5
  Use: Scroll            |     4 |     6 ||    10
       Potion            |       |     7 ||     7
 Stab: Sleeping          |       |     1 ||     1
  Eat: Chunk             |    19 |    12 ||    31
Armor: Robe              |    37 |    26 ||    63
Dodge: Dodged            |    54 |    33 ||    87
